[Event "Early-Titled-Tuesday-Blitz-January-16-2024"]
[Site "Chess.com"]
[Date "2024.01.16"]
[Round "3"]
[White "SARGISMV"]
[Black "Egor_Koshulyan"]
[Result "0-1"]
[WhiteElo "2479"]
[BlackElo "2684"]
[TimeControl "180+1"]
[EndTime "8:30:02 PST"]
[Termination "Egor_Koshulyan won by checkmate"]

1. c4 Nf6 2. Nc3 e6 3. e4 d5 4.
e5 Ne4 5. Nxe4 dxe4 6. Qg4 Bd7 7. Qxe4 Bc6 8. Qc2 Na6 9. a3 Qd4 10. Ne2 Qxe5 11. d4 Qf6 12. b4 Bd7 13. Bb2 c6 14.
Ng3 Bd6 15. Bd3 Qh4 16. O-O O-O 17. Rae1 Nc7 18. Re4 Qh6 19. Rfe1 f5 20. Bc1 Qf6 21. R4e2 b5 22. c5 Be7 23. Re5 Nd5 24. Bd2 Qg6 25.
Qc1 Rae8 26. Nf1 Bf6 27. Ne3 Bxe5 28. dxe5 Nf4 29. Bc2 Rd8 30. Bb3 Bc8 31. Kf1 Bd7 32. Bc3 Bc8 33. Rd1 Qh5 34. h3 Qe2+ 35. Kg1 Rd3 36.
Rxd3 Qxd3 37. Qb2 Ne2+ 38. Kh2 Nxc3 39. Bc2 Qd4 40. Qc1 Nd5 41. Nxd5 cxd5 42. Qg5 Qxe5+ 43. f4 Qf6 44. Qg3 Bb7 45. Bd3 d4 46. Bxb5 Bd5 47.
c6 Qg6 48. Qf2 d3 49. Bxd3 Bxc6 50. b5 Bd5 51. a4 Rc8 52. a5 Rc3 53. b6 axb6 54.
a6 Rxd3 55. a7 Ra3 56. h4 Rxa7 57. h5 Qg4 58. Kg1 Ra1+ 59. Kh2 Ra3 60. Qh4 Qxg2# 0-1

[Event "Early-Titled-Tuesday-Blitz-January-16-2024"]
[Site "Chess.com"]
[Date "2024.01.16"]
[Round "3"]
[White "NMJeevanK"]
[Black "missponyo10"]
[Result "1-0"]
[WhiteElo "2563"]
[BlackElo "2257"]
[TimeControl "180+1"]
[EndTime "8:30:02 PST"]
[Termination "NMJeevanK won by resignation"]

1. e4 c5 2. Nc3 Nc6 3. Bb5 Nd4 4. Bc4 e6 5. Nge2 a6 6. a4 g6 7. Nxd4 cxd4 8. Ne2 Bg7 9. O-O Ne7 10. d3 d5 11.
exd5 Nxd5 12. Nf4 Nxf4 13. Bxf4 O-O 14. Re1 Bd7 15. a5 Bc6 16. Qg4 h5 17. Qg3 Re8 18. Be5 Rc8 19. Bxg7 Kxg7 20. Re5 Qd6 21. Rae1 Bd7 22.
f4 Kh7 23. Qf2 Rc5 24. R5e4 Rxa5 25. Rxd4 Qc7 26. b4 Rf5 27. Rde4 Bc6 28. Re5 Re7 29. Qc5 Rxf4 30. R1e3 Rg4 31. Rxh5+ Kg7 32. Rg5 b6 33. Qe5+ Qxe5 34. Rexe5 Rxg5 35. Rxg5 b5 36. Bb3 Bb7 37. Rc5 Rd7 38. Kf2 Kf6 39. Ke3 Ke7 40. g3 Kd6 41. h4 Rc7 42. Rxc7 Kxc7 43. Kf4 Kd6 44. Kg5 Ke7 45. g4 Bf3 46. h5 gxh5 47. gxh5 Kf8 48. h6 Kg8 49. Kf6 Bd1 50. d4 Kh7 51. Kxf7 Kxh6 52.
Kxe6 Kg5 53. d5 Bg4+ 54. Ke7 Kf4 55. d6 Ke5 56. d7 Bxd7 57. Kxd7 Kd4 58. Kc6 Kc3 59.
Kb6 Kxb4 60. Kxa6 Kc5 61. Ka5 b4 62. Ka4 1-0

[Event "Early-Titled-Tuesday-Blitz-January-16-2024"]
[Site "Chess.com"]
[Date "2024.01.16"]
[Round "3"]
[White "santosalberto1987"]
[Black "NastyaHn"]
[Result "1/2-1/2"]
[WhiteElo "2520"]
[BlackElo "2302"]
[TimeControl "180+1"]
[EndTime "8:30:02 PST"]
[Termination "Game drawn - insufficient material"]

1. e4 e6 2. d4 d5 3. Nc3 Bb4 4. e5 c5 5. a3 Bxc3+ 6. bxc3 Ne7 7.
Nf3 Nbc6 8. a4 O-O 9. h4 h6 10. Bd3 c4 11. Be2 a6 12. g4 Kh8 13. Be3 Bd7 14. Qd2 Ng8 15. h5 f5 16. g5 Qe7 17.
gxh6 gxh6 18. Bxh6 Nxh6 19. Qxh6+ Qh7 20. Qxh7+ Kxh7 21.
Kd2 Rg8 22. Rag1 Kh6 23. Nh4 Ne7 24. Ng6 Rg7 25. Nxe7 Rxe7 26. Rg6+ Kh7 27. Rhg1 Bxa4 28. h6 Rae8 29. Bh5 Bc6 30. Rg7+ Kxh6 31. Bxe8 Rxg7 32. Rh1+ Kg5 33. Bxc6 bxc6 34. Ra1 Ra7 35. Rg1+ Kf4 36.
Rg8 a5 37. Re8 a4 38. Kc1 a3 39. Kb1 Rb7+ 40. Ka2 Rb2+ 41. Kxa3 Rxc2 42. Kb4 Rxf2 43. Rxe6 Ke3 44. Rxc6 Kd3 45. Rf6 f4 46. e6 Re2 47.
Rxf4 Rxe6 48. Rf3+ Ke4 49. Rh3 Re8 50. Rh6 Kd3 51. Rh3+ Ke4 52. Kc5 Rc8+ 53. Kd6 Rd8+ 54. Kc7 Rg8 55. Rh5 Kd3 56. Rxd5 Kxc3 57. Rd6 Kd3 58. d5 c3 59. Rc6 c2 60. d6 Kd2 61.
d7 c1=Q 62. Rxc1 Kxc1 63. d8=Q Rxd8 64. Kxd8 1/2-1/2

[Event "Early-Titled-Tuesday-Blitz-January-16-2024"]
[Site "Chess.com"]
[Date "2024.01.16"]
[Round "3"]
[White "Anton_Demchenko"]
[Black "SaraBlackPanther"]
[Result "1-0"]
[WhiteElo "2983"]
[BlackElo "2726"]
[TimeControl "180+1"]
[EndTime "8:30:03 PST"]
[Termination "Anton_Demchenko won by resignation"]

1. e4 c5 2. a3 g6 3. Bc4 Bg7 4. d3 Nc6 5. Nc3 e6 6. Ba2 Nge7 7. h4 h6 8. h5 g5 9. f4 gxf4 10. Bxf4 d5 11. Nf3 O-O 12. Qd2 Kh7 13. O-O-O d4 14.
Ne2 e5 15. Bg3 b5 16. Bh4 Qd6 17. g4 Bxg4 18. Rdf1 f5 19. Nh2 Bxh5 20. Ng3 Bg6 21. exf5 Nxf5 22. Ne4 Qc7 23. Bg5 Ne3 24. Bxe3 dxe3 25.
Qxe3 c4 26. Rxf8 Rxf8 27. Ng4 Rf4 28. Ng5+ Kh8 29. Nxh6 Nd4 30. Nf5+ Kg8 31. Nxd4 Rxd4 32. Ne6 Qd7 33. Nxd4 exd4 34. Qg5 Qe6 35. Kb1 Qc6 36. Rg1 Kh7 37. dxc4 b4 38. axb4 Qe4 39. Bb3 d3 40.
Qxg6+ Qxg6 41. Rxg6 Kxg6 42. cxd3 Kf5 43. Kc2 Ke5 44.
Ba4 Kd4 45. Bc6 Bf8 46. b5 Bc5 47. Be4 Bb4 48. Kb3 Bc5 49. Ka4 Bb6 50. b4 Kc3 51. c5 Bc7 52. b6 axb6 53. c6 Bd6 54. Kb5 Kb3 55. Kxb6 Kxb4 56. c7 Bxc7+ 57. Kxc7 1-0

[Event "Early-Titled-Tuesday-Blitz-January-16-2024"]
[Site "Chess.com"]
[Date "2024.01.16"]
[Round "3"]
[White "BilodeauA"]
[Black "FoggyMorning"]
[Result "1-0"]
[WhiteElo "2910"]
[BlackElo "2525"]
[TimeControl "180+1"]
[EndTime "8:30:03 PST"]
[Termination "BilodeauA won on time"]

1. e4 c5 2. Nf3 d6 3. d4 cxd4 4.
Nxd4 Nf6 5. Nc3 g6 6. Be2 Bg7 7. Be3 Nc6 8. O-O O-O 9. Nb3 Be6 10. f4 Qc8 11. Kh1 Bg4 12. Bf3 Rd8 13. Bg1 Bxf3 14. Qxf3 Qg4 15. Qe3 Qh5 16. Rad1 Rac8 17. a3 a6 18. h3 b5 19. Ne2 b4 20. a4 d5 21. e5 Ne4 22. Ng3 Nxg3+ 23. Qxg3 e6 24. Qd3 Ne7 25. g4 Qh4 26. Bf2 Qh6 27. Bc5 Nc6 28. Bd6 g5 29. fxg5 Qxg5 30. Qxa6 Nxe5 31. Bxe5 Bxe5 32. Qe2 Rc4 33. a5 Rdc8 34. Rd2 R8c6 35. Rf3 Re4 36. Qf1 f6 37. a6 Rec4 38. a7 Ra6 39. Rdf2 Rxa7 40. Kg2 Rac7 41. Qd3 Qg7 42. Na5 Re4 43. Nb3 Rec4 44. Re2 Qg6 45. Na5 Rxc2 46.
Qxg6+ hxg6 47. Rff2 Rxe2 48. Rxe2 Rc5 49. Nb3 Rc4 50. Kf3 Kf7 51. h4 f5 52. Rxe5 fxg4+ 53. Kg3 Rc2 54. Re3 Rxb2 55. Kxg4 Kf6 56. Rf3+ Kg7 57.
Nd4 e5 58. Ne6+ Kh6 59. Rf8 Rg2+ 60. Kh3 1-0

[Event "Early-Titled-Tuesday-Blitz-January-16-2024"]
[Site "Chess.com"]
[Date "2024.01.16"]
[Round "3"]
[White "Msb2"]
[Black "Goryachkina"]
[Result "1-0"]
[WhiteElo "3061"]
[BlackElo "2662"]
[TimeControl "180+1"]
[EndTime "8:30:04 PST"]
[Termination "Msb2 won on time"]

1. d4 d5 2. c4 c6 3. Nf3 Nf6 4. Nc3 dxc4 5. e4 b5 6. Qc2 e6 7. Be2 Bb7 8. O-O Nbd7 9. b3 cxb3 10. axb3 Be7 11. e5 Nd5 12. Nxd5 cxd5 13. Bxb5 O-O 14. Bd3 h6 15. Be3 Re8 16. Qd2 Bf8 17. Rfc1 Qb6 18. Bc2 Ba6 19. Qa5 Qxa5 20. Rxa5 Be2 21. Rca1 Rec8 22.
Bb1 a6 23. R5a2 Bb5 24. h4 Bb4 25. Bc2 Rc6 26. Bd1 Rac8 27. Be2 Bxe2 28. Rxe2 Kf8 29.
Rea2 Nb8 30. h5 Ke7 31. Kh2 Kd7 32. Ra4 Be7 33. Ne1 Rb6 34. Rb1 Rc3 35. b4 Nc6 36. Rba1 Nxb4 37. Bd2 Rcc6 38. Bxb4 Rxb4 39. Rxa6 Rxa6 40.
Rxa6 Rxd4 41. Ra7+ Ke8 42. Nf3 Rc4 43. Kg3 g6 44. Ra8+ Bd8 45. hxg6 fxg6 46. Ra6 Kf7 47. Nd2 Rc3+ 48. f3 h5 49. Kf2 Be7 50. f4 h4 51.
Nf3 Rc2+ 52. Kg1 Rc1+ 53. Kh2 Rc2 54. Ra7 Rc4 55. Ng5+ Ke8 56. Nxe6 d4 57. Nc7+ Kf7 58. Nd5 1-0

[Event "Early-Titled-Tuesday-Blitz-January-16-2024"]
[Site "Chess.com"]
[Date "2024.01.16"]
[Round "3"]
[White "tteshan"]
[Black "Khromkin"]
[Result "1/2-1/2"]
[WhiteElo "2597"]
[BlackElo "2390"]
[TimeControl "180+1"]
[EndTime "8:30:04 PST"]
[Termination "Game drawn by repetition"]

1. d4 d5 2. c4 dxc4 3. e4 e5 4. Nf3 Bb4+ 5. Nc3 exd4 6. Nxd4 a6 7. Bxc4 c5 8. Nc2 Qxd1+ 9. Kxd1 Nf6 10. Nxb4 cxb4 11.
Nd5 Nxd5 12. Bxd5 Nc6 13. Be3 Be6 14. Bxe6 fxe6 15. Ke2 Rd8 16. Rhd1 Kf7 17. f3 e5 18. Rd5 Rxd5 19. exd5 Ne7 20. Rd1 Rd8 21. d6 Nf5 22.
Bc5 Ke6 23. Bxb4 Nd4+ 24. Kf2 b6 25. Rd2 a5 26. Ba3 Nb5 27. Rd3 Nxa3 28. Rxa3 Rxd6 29.
Ke3 Rd1 30. Rb3 Rd6 31. Rb5 Rc6 32. Kd3 Kd6 33. b3 g6 34. a4 Ke6 35. Ke4 Kf6 36.
Rxe5 Rc2 37. Rb5 Rxg2 38. h4 Rh2 39. Rxb6+ Kg7 40. Rb5 Rxh4+ 41. Ke3 Rh5 42. Rxh5 gxh5 43. b4 axb4 44. a5 b3 45. Kd2 b2 46. Kc2 h4 47.
a6 h3 48. a7 h2 49. a8=Q b1=Q+ 50. Kxb1 h1=Q+ 51. Kc2 Qg2+ 52. Kd3 Qg6+ 53. Ke3 Qe6+ 54. Kf2 Qb6+ 55. Kg2 Qg6+ 56. Kf1 Qd3+ 57. Kf2 Qd2+ 58. Kg3 Qg5+ 59. Kf2 Qd2+ 60. Kg3 Qg5+ 61. Kf2 Qd2+ 1/2-1/2

[Event "Early-Titled-Tuesday-Blitz-January-16-2024"]
[Site "Chess.com"]
[Date "2024.01.16"]
[Round "3"]
[White "almaguerjm"]
[Black "Zurability"]
[Result "1/2-1/2"]
[WhiteElo "2496"]
[BlackElo "2720"]
[TimeControl "180+1"]
[EndTime "8:30:06 PST"]
[Termination "Game drawn - insufficient material"]

1. e4 c5 2. Nf3 d6 3. d4 cxd4 4. Nxd4 Nf6 5. Nc3 g6 6. Be2 Bg7 7. Be3 Nc6 8. g4 Bxg4 9. Nxc6 Bxe2 10. Qxe2 bxc6 11. Qa6 Qc7 12. e5 dxe5 13. h3 O-O 14. O-O-O e6 15. Bc5 Rfc8 16. Bd6 Qb6 17. Qxb6 axb6 18.
Bxe5 Nd5 19. Bxg7 Kxg7 20. Ne4 Rxa2 21. c3 Ra1+ 22. Kc2 Rxd1 23. Rxd1 f5 24. Ng5 Re8 25. c4 h6 26. cxd5 hxg5 27. dxc6 Rc8 28. Rd7+ Kf6 29. c7 e5 30. Kb3 Ke6 31. Rg7 Kd6 32. Rxg6+ Kxc7 33. Rxg5 Rf8 34. Kc4 Kd6 35. Rg6+ Ke7 36. Rxb6 Rh8 37.
Rb3 Kd6 38. Rb6+ Kd7 39. Kd5 Rxh3 40. Rb7+ Kc8 41. Rb4 e4 42. Rc4+ Kd7 43. Ke5 Rf3 44.
Rc2 Ke7 45. Rc7+ Kd8 46. Rc2 Kd7 47. b4 e3 48. fxe3 Rxe3+ 49. Kd5 Rb3 50. Kc5 f4 51. Rc4 f3 52. Rf4 Ke6 53. b5 Ke5 54. Rf8 Rc3+ 55. Kb4 Rd3 56. b6 Ke4 57. b7 Rd1 58. Kc3 Rb1 59.
b8=Q Rxb8 60. Rxb8 f2 61. Rf8 Ke3 62. Kc2 Ke2 63. Re8+ Kf3 64. Rf8+ Kg2 65. Rg8+ Kh2 66. Rf8 Kg2 67. Kd2 f1=Q 68. Rxf1 Kxf1 1/2-1/2

[Event "Early-Titled-Tuesday-Blitz-January-16-2024"]
[Site "Chess.com"]
[Date "2024.01.16"]
[Round "3"]
[White "AwareIdea"]
[Black "JesseFebruary"]
[Result "1/2-1/2"]
[WhiteElo "2535"]
[BlackElo "1907"]
[TimeControl "180+1"]
[EndTime "8:30:06 PST"]
[Termination "Game drawn by repetition"]

1. d4 Nf6 2. c4 e6 3. g3 d5 4. Bg2 Be7 5. Nf3 O-O 6. Nc3 dxc4 7. Ne5 Nc6 8. Bxc6 bxc6 9. Nxc6 Qd7 10. Nxe7+ Qxe7 11. Qa4 Bb7 12. f3 c5 13. Be3 Nd5 14. Bf2 cxd4 15.
Nxd5 exd5 16. Bxd4 Rfe8 17. Qc2 Bc8 18. h4 Bf5 19. Qd2 Bd3 20. Rh2 Qc7 21. Rg2 Re6 22.
Kf1 Bg6 23. Re1 Rae8 24. Bc3 h5 25. g4 hxg4 26. Rxg4 Qh2 27. Qd4 Qh3+ 28. Kf2 Qh2+ 29. Rg2 Rxe2+ 30. Rxe2 Rxe2+ 31. Kxe2 Qxg2+ 32. Ke3 Bd3 33.
Qg4 Qe2+ 34. Kd4 f6 35. Kxd5 Qe7 36. Qe6+ Qxe6+ 37. Kxe6 Kh7 38. f4 Kh6 39. Kf7 g5 40. hxg5+ fxg5 41. fxg5+ Kxg5 42. Ke6 Kf4 43. a4 Ke4 44. a5 Kf4 45. a6 Be4 46. Kd6 Bf5 47.
Kc5 Be6 48. Kb5 Ke3 49. Be5 Kd3 50. Ka5 Bc8 51. Bf6 Kc2 52. Bd4 Kb3 53. Bxa7 Bxa6 54. Bd4 Bc8 55. Bc3 Be6 56. Kb6 Bg8 57. Kc5 Bf7 58. Kd4 Bg8 59. Ke3 Bf7 60. Kd2 Bg8 61. Ke3 Bf7 62. Kd2 Bg8 63. Ke3 1/2-1/2

[Event "Early-Titled-Tuesday-Blitz-January-16-2024"]
[Site "Chess.com"]
[Date "2024.01.16"]
[Round "3"]
[White "stollenmonster"]
[Black "TheNextLevelFan"]
[Result "1-0"]
[WhiteElo "2903"]
[BlackElo "2600"]
[TimeControl "180+1"]
[EndTime "8:30:07 PST"]
[Termination "stollenmonster won by checkmate"]

1. e4 c6 2. d4 d5 3. e5 g6 4. c4 Bg7 5. Nc3 Nh6 6. Nf3 O-O 7. Bd3 f6 8. h3 Bf5 9. Bxh6 Bxh6 10. Bxf5 gxf5 11.
cxd5 cxd5 12. e6 Qd6 13. Qe2 Nc6 14. O-O Kh8 15. Rad1 Rg8 16. Kh1 Rad8 17. g3 a6 18. Nh4 Rg5 19. f4 Rg6 20. Nxf5 Qc7 21. Rd3 Qb6 22.
Qh5 Bf8 23. Rf2 Nb4 24. Re3 Rc8 25. a3 Nc6 26. Nxd5 Qb5 27. Nc3 Qc4 28. Qe2 Nxd4 29.
Qxc4 Rxc4 30. Nxd4 Rxd4 31. Kg2 f5 32. Ref3 Rxe6 33.
g4 fxg4 34. hxg4 Bg7 35. Kg3 Red6 36. Re2 Rd7 37. Ne4 Rd3 38. Nc5 Rxf3+ 39. Kxf3 Rc7 40. Ne6 Rd7 41. Nc5 Rc7 42. b4 Kg8 43. g5 Kf7 44. Kg4 a5 45. Re4 axb4 46. axb4 Bc3 47. Ne6 Rd7 48.
b5 Bb4 49. f5 Ba3 50. Kh5 Bc1 51. g6+ hxg6+ 52. fxg6+ Kf6 53. g7 Kf7 54. Re5 Bb2 55. Rf5+ Bf6 56. g8=Q+ Kxg8 57. Kg6 Rd6 58. Rc5 Bg7 59.
Rc8+ Bf8 60. Rxf8# 1-0

[Event "Early-Titled-Tuesday-Blitz-January-16-2024"]
[Site "Chess.com"]
[Date "2024.01.16"]
[Round "3"]
[White "Vladimir_Zakhartsov"]
[Black "Tejas_Rama"]
[Result "1-0"]
[WhiteElo "2856"]
[BlackElo "2566"]
[TimeControl "180+1"]
[EndTime "8:30:09 PST"]
[Termination "Vladimir_Zakhartsov won by resignation"]

1. e4 e5 2. Nf3 Nc6 3. Nc3 Nf6 4. a3 d5 5. Bb5 Nxe4 6. Qe2 Nxc3 7. Qxe5+ Qe7 8. dxc3 Bd7 9. Qe2 Qxe2+ 10. Bxe2 O-O-O 11. O-O Bc5 12. Bd3 Bg4 13. Ng5 Ne5 14. h3 Bd7 15.
Bf4 Nxd3 16. cxd3 Rdf8 17. Rfe1 h6 18. Nf3 Re8 19. Be3 Bd6 20. b4 Re7 21. a4 Kb8 22. a5 a6 23. Bc5 Bxc5 24. bxc5 Rhe8 25. Rxe7 Rxe7 26. Nd4 c6 27. Rd1 Kc7 28. f3 Bc8 29. Kf2 f6 30. h4 Kd8 31. g4 Kc7 32. Rg1 Bd7 33. g5 fxg5 34. hxg5 h5 35. g6 Re5 36. f4 Re8 37. f5 Rf8 38. Rg5 h4 39. Kg2 Kd8 40. Kh3 Rh8 41. Rg1 Ke7 42. Rb1 Bc8 43.
Rf1 Kf6 44. Rf4 Rh5 45. Kg4 Rh8 46. Rf3 Rh6 47. Rh3 Rxg6+ 48. Kf4 Rh6 49. Rh2 Rh5 50. Kg4 Rh6 51. Kf4 Rh5 52. Kg4 g6 53. Rh1 Rg5+ 54.
Kf4 Bxf5 55. Rxh4 Bxd3 56. Rh7 Rg1 57. Rxb7 Bb5 58. Rb6 Rf1+ 59. Ke3 Kg5 60. Nxc6 Bxc6 61. Rxc6 Rc1 62. Kd2 Ra1 63. Rxa6 Kh5 64. c6 g5 65. c7 1-0

[Event "Early-Titled-Tuesday-Blitz-January-16-2024"]
[Site "Chess.com"]
[Date "2024.01.16"]
[Round "3"]
[White "lilylg"]
[Black "sansanathalia"]
[Result "0-1"]
[WhiteElo "2094"]
[BlackElo "2398"]
[TimeControl "180+1"]
[EndTime "8:30:09 PST"]
[Termination "sansanathalia won on time"]

1. d4 Nf6 2. c4 e6 3. Nf3 d5 4.
g3 Be7 5. Bg2 O-O 6. O-O dxc4 7.
Qc2 a6 8. Qxc4 b5 9. Qc2 Bb7 10. a3 Nbd7 11. Nc3 Nb6 12. Bf4 Rc8 13. Rfd1 Nbd5 14. Nxd5 Nxd5 15. e3 Nxf4 16. gxf4 g6 17. Rac1 Qe8 18. Qe2 c5 19. dxc5 Bxc5 20. Ne5 Bxg2 21.
Kxg2 Qe7 22. Qf3 Bb6 23. Rxc8 Rxc8 24. Rd7 Qh4 25. Rxf7 Bc7 26. Qb7 Bxe5 27. Qxc8+ Kxf7 28. Qd7+ Kf8 29. fxe5 Qg4+ 30. Kf1 Qc4+ 31. Ke1 Qc1+ 32. Ke2 Qxb2+ 33. Kf3 Qxe5 34. Qd8+ Kf7 35. Qd7+ Kg8 36. Qe8+ Kg7 37. Qe7+ Kh6 38. Qf8+ Qg7 39. Qf4+ g5 40.
Qg4 Qb7+ 41. Kg3 Qc7+ 42. Kh3 Qe5 43. Kg2 Qf5 44. Qg3 a5 45. Qd6 Qd5+ 46. Qxd5 exd5 47. Kf3 b4 48. axb4 axb4 49. Ke2 Kg6 50. Kd3 Kf5 51. Kc2 Ke4 52. Kb3 Kf3 53. Kxb4 Kxf2 54. Kc5 Kxe3 55. Kxd5 g4 56. Ke5 Kf3 57. Kf5 h6 58.
Kg6 Kg2 59. Kh5 Kh3 60. Kxh6 Kxh2 61. Kh5 g3 0-1

[Event "Early-Titled-Tuesday-Blitz-January-16-2024"]
[Site "Chess.com"]
[Date "2024.01.16"]
[Round "3"]
[White "IngOscarArdila"]
[Black "karinachess1"]
[Result "0-1"]
[WhiteElo "2362"]
[BlackElo "2598"]
[TimeControl "180+1"]
[EndTime "8:30:10 PST"]
[Termination "karinachess1 won by resignation"]

1. d4 Nf6 2. c4 e6 3. Nc3 d5 4.
Bg5 Be7 5. e3 h6 6. Bh4 O-O 7.
Nf3 Ne4 8. Bxe7 Qxe7 9. Nxe4 dxe4 10. Nd2 f5 11. Qc2 Nc6 12. a3 Bd7 13. Qc3 Qg5 14.
b4 a5 15. b5 Ne7 16. g3 Qf6 17. a4 Ng6 18. h4 e5 19. Nb3 f4 20. dxe5 Nxe5 21.
O-O-O Bg4 22. Rd2 fxg3 23. fxg3 Nd3+ 24. Kc2 Qf3 25. Rg1 Qxe3 26. Rh1 Bf3 27. Rhh2 Rad8 28. Bxd3 exd3+ 29. Kb2 Be2 30. Nxa5 Qg1 31. Rhxe2 dxe2 32.
Rxe2 Rd7 33. Qe5 Qb6 34. Nb3 Rdf7 35. c5 Qg6 36. Ka3 Kh7 37. h5 Qd3 38. Qe4+ Qxe4 39.
Rxe4 Rf3 40. g4 Rd3 41. Kb4 Rff3 42. Nd4 Rg3 43. Nf5 Rg1 44. Re7 Rxg4+ 45. Ka5 Rd5 46.
Rxc7 Rxf5 47. Kb6 Rxa4 48. Rxb7 Rb4 49. Kc6 Rxh5 50. Rd7 Rg5 51. b6 h5 52. Rd5 Rg6+ 53.
Kc7 Rh6 54. c6 h4 55. b7 h3 56. Rd3 h2 57. Rd1 h1=Q 58. Rxh1 Rxh1 59. b8=Q Rxb8 60.
Kxb8 Rc1 61. c7 g5 62. c8=Q Rxc8+ 63. Kxc8 g4 0-1

[Event "Early-Titled-Tuesday-Blitz-January-16-2024"]
[Site "Chess.com"]
[Date "2024.01.16"]
[Round "3"]
[White "RobertoJBM"]
[Black "Manukyan_Artak"]
[Result "1-0"]
[WhiteElo "2802"]
[BlackElo "2553"]
[TimeControl "180+1"]
[EndTime "8:30:13 PST"]
[Termination "RobertoJBM won on time"]

1. d4 d5 2. Nf3 Nf6 3. e3 Bg4 4.
c4 e6 5. Qb3 Bxf3 6. gxf3 Qc8 7. cxd5 exd5 8. Nc3 c6 9. e4 Be7 10. Be3 O-O 11. O-O-O a5 12. Kb1 b5 13. e5 Ne8 14.
f4 a4 15. Qc2 b4 16. Nxd5 Bd8 17. Nxb4 a3 18. b3 Ba5 19. Nd5 Qe6 20. Nc3 Bxc3 21. Qxc3 Nc7 22. Ka1 Nd5 23. Qc2 Na6 24. Bxa6 Rxa6 25.
f5 Qc8 26. Rc1 f6 27. e6 Ne7 28. d5 Nxd5 29. Rhd1 Qb8 30. Qe4 Qxh2 31. e7 Re8 32.
Rxc6 Rxc6 33. Qxd5+ Kh8 34. Qxc6 Qe5+ 35. Bd4 Qxe7 36.
Bc3 h5 37. Qf3 Qf7 38. Rh1 Kg8 39. Qxh5 Qxh5 40. Rxh5 Re2 41. Rh1 Rxf2 42. Bb4 Rxf5 43. Bxa3 g5 44. Bd6 Rd5 45. Bb4 f5 46. Rh2 g4 47. Kb2 Kf7 48. Be1 f4 49. Rg2 Rg5 50. Kc3 Ke6 51. Kd4 Kf5 52. Bh4 Rg8 53. Bf2 g3 54.
Bxg3 fxg3 55. Ke3 Kg4 56. b4 Re8+ 57. Kd3 Kf3 58. Rg1 g2 59. b5 Re2 60. a4 1-0

[Event "Early-Titled-Tuesday-Blitz-January-16-2024"]
[Site "Chess.com"]
[Date "2024.01.16"]
[Round "3"]
[White "MikaelyanArman"]
[Black "Superfelix"]
[Result "1-0"]
[WhiteElo "2845"]
[BlackElo "2518"]
[TimeControl "180+1"]
[EndTime "8:30:13 PST"]
[Termination "MikaelyanArman won by checkmate"]

1. d4 g6 2. e4 c6 3. Nc3 d5 4. Nf3 dxe4 5. Nxe4 Nf6 6. Nxf6+ exf6 7. Bc4 Bg7 8. Qe2+ Qe7 9. Qxe7+ Kxe7 10. O-O Be6 11. Re1 Nd7 12. b3 Rhe8 13. Ba3+ Kd8 14. Bxe6 fxe6 15.
c4 Bf8 16. Bxf8 Nxf8 17. Re4 Ke7 18. Rae1 Rad8 19. g4 g5 20. h4 h6 21. h5 Kf7 22. Kg2 Rd7 23. b4 Red8 24. a4 Rd6 25. b5 cxb5 26. axb5 Rc8 27. c5 Rd5 28. Ra1 Ra8 29.
b6 a5 30. Re2 Nd7 31. Rae1 Re8 32. Ra2 Ra8 33. Rc1 Nb8 34. Ra4 Nc6 35. Kf1 Rad8 36. Ke2 R8d7 37. Ke3 f5 38. Rg1 Kf6 39. Rg2 Rd8 40. Rg1 Re8 41. Ke2 e5 42. dxe5+ Nxe5 43. Nxe5 Rexe5+ 44. Kf3 Rxc5 45. Rd1 Rc3+ 46. Kg2 Rc6 47.
Rd7 Rxb6 48. Rh7 Rb2 49. Rxh6+ Kf7 50. Rh7+ Kg8 51. Rc7 Ree2 52. Rd4 Rxf2+ 53. Kg1 Rg2+ 54. Kf1 Rgf2+ 55. Ke1 Rfe2+ 56. Kd1 Re8 57. Rdd7 fxg4 58. Rg7+ Kh8 59. Rh7+ Kg8 60. Rcg7+ Kf8 61. h6 Rd8+ 62. Kc1 Rh2 63. Rh8# 1-0

[Event "Early-Titled-Tuesday-Blitz-January-16-2024"]
[Site "Chess.com"]
[Date "2024.01.16"]
[Round "3"]
[White "alvarorodriguezavila"]
[Black "Nouali_Mohamed"]
[Result "0-1"]
[WhiteElo "2323"]
[BlackElo "2583"]
[TimeControl "180+1"]
[EndTime "8:30:13 PST"]
[Termination "Nouali_Mohamed won by checkmate"]

1. e4 c5 2. d4 cxd4 3. c3 e5 4.
Nf3 Nc6 5. Bc4 Nf6 6. O-O Nxe4 7. cxd4 d5 8. Bb5 exd4 9. Qxd4 a6 10. Bxc6+ bxc6 11. Nc3 Qf6 12. Nxe4 Qxd4 13. Nxd4 dxe4 14. Re1 f5 15.
Bf4 c5 16. Nc6 Bd7 17. Ne5 Bd6 18. Rad1 Bxe5 19. Bxe5 Be6 20. Bxg7 Rg8 21. Bc3 Kf7 22. a3 Rad8 23. h3 h5 24. Kh2 h4 25. Ba5 Rd3 26. Rd2 c4 27. Bc3 Bd5 28. Rde2 f4 29. Rxe4 Bxe4 30.
Rxe4 f3 31. Rf4+ Ke6 32. gxf3 Rd1 33. Rxc4 Rf1 34. Rg4 Rxf2+ 35. Kg1 Rxg4+ 36. Kxf2 Rg3 37. b4 Rxh3 38. a4 Rg3 39. b5 axb5 40. axb5 Rg8 41.
b6 Rb8 42. Kg2 Rb7 43. Kh3 Rxb6 44. Kxh4 Kf5 45. Kg3 Rb3 46. Bd2 Rd3 47. Bh6 Rd5 48. Be3 Rd1 49. Bf2 Rd7 50. Be3 Rh7 51. Bd2 Rg7+ 52.
Kf2 Rd7 53. Be3 Ke5 54. Bh6 Kd4 55. Be3+ Kd3 56. Bf4 Rf7 57. Kg3 Ke2 58. Kg4 Kf2 59. Bg3+ Ke3 60. f4 Rg7+ 61. Kh3 Kf3 62. Bh2 Rh7# 0-1

[Event "Early-Titled-Tuesday-Blitz-January-16-2024"]
[Site "Chess.com"]
[Date "2024.01.16"]
[Round "3"]
[White "nindjaxx8"]
[Black "KevinGeorgeMicheal"]
[Result "1-0"]
[WhiteElo "2568"]
[BlackElo "2254"]
[TimeControl "180+1"]
[EndTime "8:30:13 PST"]
[Termination "nindjaxx8 won by resignation"]

1. d4 d5 2. c4 e6 3. Nc3 Nf6 4. cxd5 exd5 5. Bg5 c6 6. e3 Be7 7.
Nf3 Bf5 8. Bd3 Bxd3 9. Qxd3 Nbd7 10. O-O O-O 11. a3 a5 12. Rab1 Ne4 13. Bxe7 Qxe7 14.
Nd2 Nxd2 15. Qxd2 Nb6 16. Qc2 Nc4 17. Ne2 h6 18. Nf4 Rfe8 19. Nd3 a4 20. Rbc1 Qe4 21.
Qc3 Qe7 22. Nc5 b6 23. Nd3 b5 24. Nb4 Qf6 25. Rfe1 Re6 26. Nd3 Qf5 27. Nf4 Re7 28.
Rf1 Kh7 29. Qb4 Rc7 30. Rc3 Qd7 31. Nd3 Qe7 32. Nc5 Rca7 33. Rc2 Qf8 34. Re2 f5 35. Rfe1 Qe7 36. Qc3 Qe8 37. f3 Re7 38. e4 fxe4 39.
fxe4 dxe4 40. Nxe4 Qg6 41. Nf6+ Qxf6 42. Rxe7 Rf8 43.
Qd3+ Kh8 44. h3 Qf2+ 45. Kh1 Nd6 46. Qg6 Qf6 47. Qxf6 Rxf6 48. R7e6 Nc4 49. Rxf6 gxf6 50. Re6 Nxb2 51. Rxc6 Nc4 52. Rxf6 Nxa3 53. Rxh6+ Kg7 54.
Rb6 Kf7 55. d5 Ke7 56. h4 Nc4 57. Rxb5 a3 58. Rb4 a2 59. Ra4 Nb6 60. Rxa2 Nxd5 61. Rf2 Nf6 62. Kh2 Ng4+ 63. Kg3 Nxf2 64. Kxf2 1-0

[Event "Early-Titled-Tuesday-Blitz-January-16-2024"]
[Site "Chess.com"]
[Date "2024.01.16"]
[Round "3"]
[White "effefe"]
[Black "ninguno46"]
[Result "1/2-1/2"]
[WhiteElo "2302"]
[BlackElo "2537"]
[TimeControl "180+1"]
[EndTime "8:30:13 PST"]
[Termination "Game drawn by repetition"]

1. d4 Nf6 2. c4 e6 3. Nc3 Bb4 4.
Qc2 Nc6 5. Nf3 d6 6. a3 Bxc3+ 7. Qxc3 Qe7 8. e3 O-O 9. Be2 e5 10. d5 Nd8 11. O-O a5 12. b3 Nd7 13. Bb2 f5 14. b4 b6 15. c5 bxc5 16. bxc5 Nxc5 17. a4 Bb7 18. Rfd1 Nf7 19. Bb5 Ne4 20. Qc2 Nf6 21. Bc6 Bxc6 22. Qxc6 Rab8 23. Bc3 Rb6 24. Qc4 Ra8 25.
Rac1 Ne4 26. Be1 Nc5 27. Nd2 Rb4 28. Qc2 Rxa4 29. Nb3 Na6 30. Qc6 Qe8 31. Nxa5 Qxc6 32. Nxc6 Ra2 33. Ne7+ Kf8 34. Nxf5 g6 35. Ng3 Ke7 36.
Ra1 Nc5 37. Rxa2 Rxa2 38. Bb4 Na6 39. Be1 Kd7 40. h3 Nc5 41. Bb4 Rc2 42. Bxc5 Rxc5 43. Ne4 Rc2 44. Nf6+ Ke7 45. Nxh7 Rc5 46. h4 Rc4 47. g3 e4 48. Ra1 Ne5 49. Rd1 Nf3+ 50. Kg2 Rc2 51. Ng5 Nxg5 52. hxg5 Kd7 53. Kh3 c5 54. dxc6+ Kxc6 55. Rf1 d5 56. Kg4 Kd6 57. Kf4 Rc7 58. f3 Rf7+ 59. Kg4 exf3 60. Rxf3 Re7 61.
Rf6+ Kc5 62. Kf3 Rg7 63. Rf8 Kd6 64. Rd8+ Ke6 65. Rf8 Ke7 66. Rf6 Rf7 67. Rxf7+ Kxf7 68. e4 Ke6 69. exd5+ Kxd5 70. Kf4 Kd4 71. Kf3 Ke5 72. Kg4 Ke4 73. Kh4 Kf3 74. Kh3 Ke3 75. Kg4 Ke4 76. Kh3 Kf3 77. Kh4 Ke4 78. Kg4 Ke3 79.
Kh3 Kf3 80. Kh4 Ke3 81. Kg4 Ke4 1/2-1/2

[Event "Early-Titled-Tuesday-Blitz-January-16-2024"]
[Site "Chess.com"]
[Date "2024.01.16"]
[Round "3"]
[White "NelsonLinda"]
[Black "gabduschew"]
[Result "0-1"]
[WhiteElo "2610"]
[BlackElo "2452"]
[TimeControl "180+1"]
[EndTime "8:30:14 PST"]
[Termination "gabduschew won on time"]

1. b3 c5 2. Bb2 b6 3. Nf3 Bb7 4. g3 Bxf3 5. exf3 e6 6. Bg2 Nf6 7.
f4 Nc6 8. O-O Be7 9. d3 O-O 10.
Nd2 Rc8 11. Nc4 d6 12. a4 a6 13. Ne3 d5 14. Re1 Nd7 15. f5 Bf6 16. Bxf6 Qxf6 17. fxe6 fxe6 18. Ng4 Qg6 19. Qe2 Nd4 20. Qd1 h5 21. Ne5 Nxe5 22. Rxe5 h4 23. c3 Nc6 24. Re1 Rf6 25. Qd2 Rcf8 26. Re2 Qf5 27. Rae1 h3 28. Bh1 b5 29. axb5 axb5 30. Re3 b4 31. Rf3 Qg6 32. Rxf6 Qxf6 33. cxb4 cxb4 34. f4 Qd4+ 35. Qe3 Qxe3+ 36. Rxe3 Kf7 37. f5 Nd4 38. fxe6+ Ke7 39. Bxd5 Rc8 40. Bc4 Ra8 41. g4 Ra1+ 42. Kf2 Ra2+ 43. Kg3 g5 44.
Kxh3 Rf2 45. Kg3 Rd2 46. Re5 Nxb3 47. Rxg5 Nc1 48. Rg7+ Kf6 49. Rf7+ Kg6 50. e7 Re2 51. Rf8 b3 52. Rb8 b2 0-1